 Dungeon Crawl Stone Soup version 0.30-a0-939-gc8157cb160 (webtiles) character file.

Game seed: 11624504069025282102

93 ThatPearl the Digger (level 4, -2/24 HPs)
             Began as a Gargoyle Earth Elementalist on Mar 25, 2023.
             Was a Believer of Kikubaaqudgha.
             Slain by an orc
             ... wielding a +0 flail
              (3 damage)
             ... on level 4 of the Dungeon.
             The game lasted 00:07:14 (2863 turns).

ThatPearl the Digger (Gargoyle Earth Elementalist)  Turns: 2863, Time: 00:07:14

Health: -2/24      AC:  5    Str: 12    XL:     4   Next: 62%
Magic:  3/9        EV: 11    Int: 17    God:    Kikubaaqudgha [**....]
Gold:   205        SH:  0    Dex: 10    Spells: 7/9 levels left

rFire   . . .      SeeInvis .    m - +4 short sword (freeze)
rCold   . . .      Faith    .    (no shield)
rNeg    + . .      Spirit   .    a - +0 robe
rPois   ∞          Reflect  .    (no helmet)
rElec   +          Rampage  .    (no cloak)
rCorr   .                        (no gloves)
Will    .....                    (no boots)
Stlth   ++                       (no amulet)
HPRegen 0.24/turn                (no ring)
MPRegen 0.11/turn                (no ring)

@: no status effects
A: sickness immunity, AC +3, negative energy resistance 1, electricity
resistance, torment resistance 1, petrification resistance
a: Renounce Religion, Unearth Wretches


You were on level 4 of the Dungeon.
You worshipped Kikubaaqudgha.
Kikubaaqudgha was pleased with you.
You visited 1 branch of the dungeon, and saw 4 of its levels.

You collected 205 gold pieces.

Inventory:

Hand Weapons
 g - a +0 sling
 m - a +4 short sword of freezing (weapon)
Missiles
 c - 14 stones
Armour
 a - a +0 robe (worn)
Magical Staves
 j - a staff of poison
Scrolls
 d - 2 scrolls of noise {unknown}
 f - a scroll of enchant weapon {unknown}
 i - 2 scrolls of identify {unknown}
 k - a scroll of fog {unknown}
 n - a scroll of blinking {unknown}
 p - a scroll of enchant armour {unknown}
 t - a scroll of magic mapping {unknown}
Potions
 b - a potion of magic
 e - 2 potions of lignification {unknown}
 h - 2 potions of cancellation {unknown}
 l - a potion of attraction {unknown}
 o - a potion of degeneration {unknown}
 q - a potion of mutation {unknown}
 r - a potion of flight {unknown}
 s - a potion of haste {unknown}
 u - a potion of might {unknown}


   Skills:
 - Level 1.5 Dodging
 - Level 2.1 Stealth
 + Level 3.3 Spellcasting
 - Level 0.7 Transmutations
 + Level 5.1 Earth Magic


You had 7 spell levels left.
You knew the following spells:

 Your Spells              Type           Power      Damage    Failure   Level
n - Necrotise             Necr           8%         1d4       17%         1
s - Sandblast             Erth           40%        2d10      1%          1

Your spell library contained the following spells:

 Spells                   Type           Power      Damage    Failure   Level
 Passwall                 Tmut/Erth      10%        N/A       8%          2
 Kiss of Death            Conj/Necr      8%         2d6       17%         1
 Stone Arrow              Conj/Erth      22%        3d8       17%         3
 Vampiric Draining        Necr           2%         2d6       45%         3
 Petrify                  Tmut/Erth      12%        N/A       45%         4
 Animate Dead             Necr           2%         N/A       86%         4


Dungeon Overview and Level Annotations

Branches:
Dungeon (4/15)
 Temple: D:4-7

Altars:
Hepliaklqana
Kikubaaqudgha
Qazlal


Innate Abilities, Weirdness & Mutations

You are immune to sickness and miasma.
Your stone body is resilient. (AC +3)
You are immune to poison.
You resist negative energy. (rN+)
You are resistant to electric shocks. (rElec)
You are resistant to unholy torment.
You are immune to petrification.


Message History

The orc misses you. The sleepcap misses you.
Aiming: Sandblast (safe; 1% risk of failure)
Press: ? - help, Q - select action, (/) - cycle Shift-Dir - straight line, f/p - sleepcap
Aim: a sleepcap (moderately damaged, 100% to hit)
The blast of sand hits the sleepcap but does no damage.
The sleepcap is moderately damaged.
The orc closely misses you. The sleepcap releases spores at you.
Aiming: Sandblast (safe; 1% risk of failure)
Press: ? - help, Q - select action, (/) - cycle Shift-Dir - straight line, f/p - sleepcap
Aim: a sleepcap (moderately damaged, 100% to hit)
The blast of sand hits the sleepcap.
The sleepcap is heavily damaged.
The sleepcap releases spores at you. The orc hits you but does no damage.
The orc hits you with a +0 flail! The sleepcap closely misses you.
Aiming: Sandblast (safe; 1% risk of failure)
Press: ? - help, Q - select action, (/) - cycle Shift-Dir - straight line, f/p - sleepcap
Aim: a sleepcap (heavily damaged, 100% to hit)
The blast of sand hits the sleepcap.
The sleepcap is severely damaged.
The sleepcap releases spores at you but does no damage.
The orc closely misses you.
Aiming: Sandblast (safe; 1% risk of failure)
Press: ? - help, Q - select action, (/) - cycle Shift-Dir - straight line, f/p - sleepcap
Aim: a sleepcap (severely damaged, 100% to hit)
The blast of sand hits the sleepcap but does no damage.
The sleepcap is severely damaged.
The orc barely misses you. The sleepcap closely misses you.
The orc hits you with a +0 flail. The sleepcap releases spores at you.
* * * LOW HITPOINT WARNING * * *
Casting: Sandblast (safe; 1% risk of failure)
Confirm with . or Enter, or press ? or * to list all spells.
Aiming: Necrotise (safe; 17% risk of failure)
Press: ? - help, Shift-Dir - straight line, f - orc, p - sleepcap
Aim: an orc, wielding a +0 flail (chance to affect: 58%)
The orc resists with significant effort.
The sleepcap releases spores at you.
* * * LOW HITPOINT WARNING * * *
The orc hits you with a +0 flail.
You die...
Kikubaaqudgha rasps: "You have failed me!
Welcome... oblivion!"

......#
......
#....#
##....###
#.......#
#.......#
#..o....#
#..@f...#
#.......#
##....###
######


You could see a sleepcap and an orc.

Vanquished Creatures
  Robin (D:2)
  An adder (D:3)
  2 worms
  3 dart slugs
  An orc (D:3)
  6 ball pythons
  8 bats
  2 endoplasms
  5 goblins
  10 hobgoblins
  5 jackals
  6 kobolds
  3 frilled lizards
  5 rats
58 creatures vanquished.

Notes
Turn   | Place    | Note
-------+----------+-------------------------------------------
     0 | D:1      | ThatPearl the Gargoyle Earth Elementalist began the quest
                  | for the Orb.
     0 | D:1      | Reached XP level 1. HP: 10/10 MP: 3/3
   243 | D:1      | Reached XP level 2. HP: 4/15 MP: 1/5
   244 | D:1      | Reached skill level 4 in Earth Magic
   408 | D:1      | You fall into a shaft and drop 1 floor!
   588 | D:1      | Found a faded altar of an unknown god.
   594 | D:1      | Prayed at the altar of an unknown god.
   594 | D:1      | Became a worshipper of Kikubaaqudgha
   594 | D:1      | Reached * piety under Kikubaaqudgha
   594 | D:1      | Received a gift from Kikubaaqudgha
  1111 | D:2      | Learned a level 1 spell: Necrotise
  1259 | D:2      | Reached XP level 3. HP: 16/19 MP: 6/6
  1391 | D:2      | Noticed Robin
  1413 | D:2      | Killed Robin
  1597 | D:2      | Reached XP level 4. HP: 24/24 MP: 5/8
  1726 | D:2      | Reached ** piety under Kikubaaqudgha
  2158 | D:3      | Found a stormy altar of Qazlal.
  2164 | D:3      | Reached skill level 5 in Earth Magic
  2195 | D:3      | Found a hazy altar of Hepliaklqana.
  2863 | D:4      | HP: 1/24 [sleepcap (4)]
  2863 | D:4      | Slain by an orc

Illustrated notes

Levels and vault maps discovered:
D:1:      elethiomel_arrival_maze, layout_basic, basic_ecumenical_altar,
          minmay_indecisive_spiral
D:2:      layout_loops_ring, uniq_robin
D:3:      layout_loops_corners, jmf_multi_god_temple
D:4:      layout_gridville, minmay_misc_feat_secret_circle

Skill      XL: |  1  2  3  4 |
---------------+-------------+-----
Earth Magic    | 4 5 |  5.1
Spellcasting   | 3 |  3.3
Dodging        | |  1.5
Stealth        | |  2.1
Transmutations | |  0.7

Action                     |  1- 3 |  4- 6 || total
---------------------------+-------+-------++-------
  Melee: Unarmed           |    13 |       ||    13
         Short sword       |     8 |    24 ||    32
   Cast: Sandblast         |    44 |    20 ||    64
         Necrotise         |       |     1 ||     1
   Stab: Sleeping          |       |     2 ||     2
 Armour: Robe              |    10 |    11 ||    21
  Dodge: Dodged            |    24 |    22 ||    46

Table legend: (Time is in decaauts)
 A = Elapsed time spent in this place.
 B = Non-inter-level travel time spent in this place.
 C = Inter-level travel time spent in this place.
 D = Time resting spent in this place.
 E = Time spent auto-exploring this place.
 F = Levels seen in this place.
 G = Mean time per level.
                   A        B        C        D        E       F      G
               +--------+--------+--------+--------+--------+-----+--------+
         Total |   2894 |   2797 |     97 |     53 |   2349 |   4 |  723.5 |
       Dungeon |   2894 |   2797 |     97 |     53 |   2349 |   4 |  723.5 |
               +--------+--------+--------+--------+--------+-----+--------+

Top non-repeatable levels by time:
     D:1: 1068 daAuts
     D:3: 914 daAuts
     D:2: 902 daAuts
     D:4: 9 daAuts
